 Dungeon Crawl Stone Soup version 0.26-a0-649-gf8c6c3aab7 (webtiles) character file.

Game seed: 644104061992146722

796524 Kiburo the Ruinous (level 27, -9/190 HPs)
             Began as a Gargoyle Earth Elementalist on Sept 27, 2020.
             Was the Champion of Vehumet.
             Mangled by a jiangshi (11 damage)
             ... summoned by a greater mummy
             ... on level 26 of a ziggurat.
             The game lasted 04:00:16 (97384 turns).

Kiburo the Ruinous (Gargoyle Earth Elementalist)   Turns: 97384, Time: 04:00:17

Health: -9/190     AC: 38    Str: 14      XL:     27
Magic:  57/57      EV: 20    Int: 34 (36) God:    Vehumet [******]
Gold:   6451       SH:  0    Dex: 12      Spells: 8/68 levels left

rFire    + . .     SeeInvis +   U - +9 eveningstar (vorpal)
rCold    . . .     Faith    .   (no shield)
rNeg     + . .     Spirit   .   j - +2 robe {Archmagi}
rPois    ∞         Reflect  .   u - +2 helmet {SInv}
rElec    +         Harm     .   F - +2 cloak {Stlth+}
rCorr    .         Rampage  .   C - +2 pair of gloves {Str+3}
MR       +++..                  m - +2 pair of boots {Fly}
Stlth    ++++......             r - amulet "Sumag" {RegenMP Stlth+}
HPRegen  0.41/turn              p - ring "Nepsauh" {rPois rF+ MP+9 Dex+2}
MPRegen  0.60/turn              P - ring of Pontise {*Drain +Inv MR+ Int+8 Stlth+}

@: flying, slowed, studying Earth Magic, lightly drained, very slow
A: big wings, hooves 1, dopey 1, mutation resistance 1, negative energy
resistance 1, electricity resistance, unbreathing, petrification resistance, rot
immunity, AC +20
}: 3/15 runes: decaying, silver, gossamer
a: Stop Flying, Renounce Religion, Evoke Invisibility


You were on level 26 of a ziggurat.
You worshipped Vehumet.
Vehumet was exalted by your worship.
You visited 10 branches of the dungeon, and saw 48 of its levels.
You visited the Abyss 4 times.
You visited 1 ziggurat, and saw 26 of its levels.

You collected 9685 gold pieces.
You spent 3234 gold pieces at shops.

Inventory:

Hand Weapons
 c - the +10 morningstar "Eos" {elec, Halo rElec}
   (You found it on level 3 of the Elven Halls)

   Occasionally, upon striking a foe, it will discharge some electrical energy
   and cause terrible harm.
   It insulates you from electricity.
 O - a +9 demon whip of draining
 T - the +7 sceptre of Torment {pain, torment}
   (You found it on level 23 of a ziggurat)

   In the hands of one skilled in necromantic magic, it inflicts extra damage on
   living creatures.
 U - a +9 vorpal eveningstar (weapon)
 V - a +9 demon whip of electrocution
Missiles
 v - 4 throwing nets (quivered)
Armour
 j - a +2 robe of the Archmagi (worn)
 m - a +2 pair of boots of flying (worn)
 u - a +2 helmet of see invisible (worn)
 C - a +2 pair of gloves of strength (worn)
 F - a +2 cloak of stealth (worn)
 H - a +2 robe of resistance
 Q - the +3 leather armour "Jafiarhi" {rF+ rC+++ SInv Stlth-}
   (You found it on level 21 of a ziggurat)

   It protects you from fire.
   It renders you almost immune to cold.
   It lets you see invisible.
   It makes you less stealthy.
Jewellery
 p - the ring "Nepsauh" (left hand) {rPois rF+ MP+9 Dex+2}
   (You found it on level 13 of a ziggurat)

   [ring of magical power]

   It affects your dexterity (+2).
   It protects you from fire.
   It protects you from poison.
   It affects your magic capacity (+9).
 r - the amulet "Sumag" (around neck) {RegenMP Stlth+}
   (You found it on level 3 of the Crypt)

   [amulet of magic regeneration]

   It increases your magic regeneration.
   It makes you more stealthy.
 y - the ring "Deypsaru" {Int+6 Dex+2}
   (You took it off an ironbrand convoker on level 5 of the Vaults)

   [ring of intelligence]

   It affects your intelligence (+6).
   It affects your dexterity (+2).
 E - the ring of Tohum {+Fly rElec AC+4 Str+9 Stlth-}
   (You found it on level 17 of a ziggurat)

   [ring of protection]

   It affects your AC (+4).
   It affects your strength (+9).
   It insulates you from electricity.
   It lets you fly.
   It makes you less stealthy.
 P - the ring of Pontise (right hand) {*Drain +Inv MR+ Int+8 Stlth+}
   (You acquired it on level 3 of the Vaults)

   [ring of protection from magic]

   It affects your intelligence (+8).
   It affects your resistance to hostile enchantments.
   It lets you turn invisible.
   It causes draining when unequipped.
   It makes you more stealthy.
 S - the ring "Duw Mer" {Wiz rPois rF+ MR+ Str+2}
   (You found it on level 22 of a ziggurat)

   [ring of wizardry]

   It improves your spell success rate.
   It affects your strength (+2).
   It protects you from fire.
   It protects you from poison.
   It affects your resistance to hostile enchantments.
 Y - the brooch of Shielding {Spirit SH+8}
   (You found it on level 24 of a ziggurat)

   [amulet of guardian spirit]

   It causes incoming damage to be split between your health and magic.
   It affects your SH (+8).
Wands
 h - a wand of acid (60)
 J - a wand of iceblast (43)
Scrolls
 a - 44 scrolls of teleportation
 g - a scroll of brand weapon
 i - 12 scrolls of magic mapping
 k - 3 scrolls of holy word
 l - 7 scrolls of enchant armour
 q - 44 scrolls of remove curse
 t - 30 scrolls of identify
 x - a scroll of blinking
 A - 18 scrolls of fog
 D - 9 scrolls of amnesia
 K - 5 scrolls of fear
 N - 3 scrolls of summoning
Potions
 d - 22 potions of curing
 e - 7 potions of might
 f - 7 potions of berserk rage
 n - 12 potions of brilliance
 o - 3 potions of ambrosia
 s - 8 potions of mutation
 w - 5 potions of cancellation
 z - 7 potions of haste
 B - 9 potions of stabbing
 G - 7 potions of resistance
 M - 5 potions of magic
 R - 2 potions of invisibility
Books
 L - a manual of Earth Magic
Miscellaneous
 b - a phantom mirror
 I - a box of beasts (3/3)
 W - a condenser vane (2/2)
 X - a tin of tremorstones (3/3)


   Skills:
 + Level 24.0(23.6) Fighting
 - Level 16.0(15.6) Maces & Flails
 - Level 6.0(5.7) Armour
 - Level 15.0(14.6) Dodging
 - Level 2.1(1.9) Stealth
 + Level 21.4(21.0) Spellcasting
 + Level 24.3(23.9) Conjurations
   Level 0.7(0.4) Transmutations
 - Level 22.0(21.5) Fire Magic
 + Level 17.6(17.2) Ice Magic
 - Level 22.0(21.5) Earth Magic
 - Level 10.0(9.6) Evocations


You had 8 spell levels left.
You knew the following spells:

 Your Spells              Type           Power        Failure   Level
a - Shatter               Erth           ########..   3%          9
b - Stone Arrow           Conj/Erth      ######       0%          3
c - Lee's Rapid Deconstr  Erth           ########..   0%          5
d - Iron Shot             Conj/Erth      ########..   0%          6
e - Fireball              Conj/Fire      ########..   0%          5
f - Fire Storm            Conj/Fire      ########..   2%          9
g - Ignition              Fire           ########..   1%          8
h - Starburst             Conj/Fire      ########..   0%          6
i - Absolute Zero         Ice            ########..   19%         9

Your spell library contained the following spells:

 Spells                   Type           Power        Failure   Level
 Lehudib's Crystal Spear  Conj/Erth      ########..   1%          8
 Foxfire                  Conj/Fire      ####         0%          1
 Freeze                   Ice            ####         0%          1
 Magic Dart               Conj           ####         0%          1
 Sandblast                Erth           ######       0%          1
 Shock                    Conj/Air       ####         0%          1
 Passwall                 Tmut/Erth      ########     0%          2
 Searing Ray              Conj           ######       0%          2
 Conjure Flame            Conj/Fire      ########     0%          3
 Dazzling Flash           Conj/Hex       ######       0%          3
 Frozen Ramparts          Ice            ######       0%          3
 Ozocubu's Armour         Ice            ########     0%          3
 Static Discharge         Conj/Air       ########     0%          3
 Hailstorm                Conj/Ice       ########     0%          4
 Sticky Flame             Conj/Fire      ########     0%          4
 Bolt of Magma            Conj/Fire/Erth ########..   0%          5
 Iskenderun's Battlesphe  Conj           ########     0%          5
 Animate Skeleton         Necr           ######       1%          1
 Apportation              Tloc           ######       1%          1
 Beastly Appendage        Tmut           ######       1%          1
 Corona                   Hex            ######.      1%          1
 Pain                     Necr           ####         1%          1
 Summon Small Mammal      Summ           ####         1%          1
 Blink                    Tloc           N/A          1%          2
 Call Imp                 Summ           ######..     1%          2
 Corpse Rot               Necr/Air       N/A          1%          2
 Ensorcelled Hibernation  Hex/Ice        ######       1%          2
 Slow                     Hex            ######..     1%          2
 Swiftness                Air            ######..     1%          2
 Wereblood                Tmut           ######..     1%          2
 Ignite Poison            Fire/Tmut/Pois #######.     1%          3
 Inner Flame              Hex/Fire       ########     1%          3
 Mephitic Cloud           Conj/Pois/Air  #######.     1%          3
 Fulminant Prism          Conj/Hex       ########..   1%          4
 Ice Form                 Ice/Tmut       #######.     1%          4
 Iskenderun's Mystic Bla  Conj/Tloc      ########     1%          4
 Leda's Liquefaction      Hex/Erth       ########..   1%          4
 Petrify                  Tmut/Erth      ########     1%          4
 Summon Ice Beast         Ice/Summ       #######.     1%          4
 Borgnjor's Vile Clutch   Necr/Erth      ########..   1%          5
 Irradiate                Conj/Tmut      ########..   1%          5
 Lightning Bolt           Conj/Air       ########..   1%          5
 Metabolic Englaciation   Hex/Ice        #######...   1%          5
 Conjure Ball Lightning   Conj/Air       ########..   1%          6
 Freezing Cloud           Conj/Ice/Air   ########..   1%          6
 Ozocubu's Refrigeration  Ice            ########..   1%          6
 Orb of Destruction       Conj           ########..   1%          7
 Spellforged Servitor     Conj/Summ      ########..   1%          7
 Call Canine Familiar     Summ           ######..     2%          3
 Confusing Touch          Hex            ######..     2%          3
 Gell's Gravitas          Tloc           ######....   2%          3
 Lesser Beckoning         Tloc           ######....   2%          3
 Portal Projectile        Hex/Tloc       ######       2%          3
 Spider Form              Tmut/Pois      ######....   2%          3
 Summon Guardian Golem    Hex/Summ       ######..     2%          3
 Tukima's Dance           Hex            ######..     2%          3
 Vampiric Draining        Necr           ######....   2%          3
 Airstrike                Air            ######....   2%          4
 Simulacrum               Ice/Necr       #######...   3%          6
 Yara's Violent Unravell  Hex/Tmut       ######....   6%          5
 Animate Dead             Necr           ######....   9%          4
 Cause Fear               Hex            ######....   9%          4
 Passage of Golubria      Tloc           N/A          9%          4
 Summon Lightning Spire   Summ/Air       ######..     9%          4
 Chain Lightning          Conj/Air       ########..   11%         8
 Blade Hands              Tmut           ######....   21%         5
 Alistair's Intoxication  Tmut/Pois      ######...    22%         5
 Agony                    Necr           ######..     24%         5
 Silence                  Hex/Air        ######....   24%         5
 Summon Demon             Summ           ######....   24%         5
 Summon Forest            Summ/Tloc      ######....   24%         5
 Summon Mana Viper        Hex/Summ       ######..     24%         5
 Hydra Form               Tmut           ######....   73%         6
 Eringya's Noxious Bog    Tmut/Pois      ######....   75%         6
 Death Channel            Necr           ######....   78%         6
 Dispersal                Tloc           ######....   78%         6
 Invisibility             Hex            ######..     78%         6
 Shadow Creatures         Summ           N/A          78%         6
 Dragon Form              Tmut           ######....   99%         7
 Malign Gateway           Summ/Tloc      ######....   100%        7
 Monstrous Menagerie      Summ           ######....   100%        7
 Summon Greater Demon     Summ           ######....   100%        7
 Summon Hydra             Summ           ######....   100%        7
 Discord                  Hex            ######....   100%        8
 Disjunction              Tloc           ######....   100%        8
 Summon Horrible Things   Summ           ######....   100%        8
 Dragon's Call            Summ           ######....   100%        9
 Tornado                  Air            ######....   100%        9
 Sublimation of Blood     Necr           Unusable     N/A         2
 Statue Form              Tmut/Erth      Unusable     N/A         6

Dungeon Overview and Level Annotations

Branches:
Dungeon (15/15)            Temple (1/1) D:6            Lair (6/6) D:8
  Swamp (4/4) Lair:4       Spider (4/4) Lair:4        Slime (0/5) Lair:6
    Orc (2/2) D:9             Elf (3/3) Orc:2        Vaults (5/5) D:14
  Crypt (3/3) Vaults:2       Tomb (0/3) Crypt:3      Depths (5/5) D:15
    Zot (0/5) Depths:5

Altars:
Ashenzari
Cheibriados
Dithmenos
Elyvilon
Fedhas
Gozag
Hepliaklqana
Kikubaaqudgha
Makhleb
Nemelex Xobeh
Okawaru
Qazlal
Ru
Sif Muna
Trog
Uskayaw
Vehumet
Wu Jian
Xom
Yredelemnul
Zin
The Shining One
Jiyva

Shops:
D:8 :   D:9 [   D:11 (   Orc:1 (   Orc:2 *:!**   Elf:1 (   Elf:3 ?   Vaults:4 *
Depths:1 (   Depths:3 *

Portals:
Hell: Depths:1 Depths:2 Depths:3 Depths:4 Depths:5
Abyss: Depths:3 Depths:4
Pandemonium: Depths:3
Trove: Elf:2 (give 11 potions of heal wounds)

Annotations:
D:3 1 runed translucent door, martbhell's ghost, amateur MiBe
D:14 1 runed translucent door, fly's ghost, journeyman TeAE
D:15 4 runed translucent doors, GsBirdie's ghost, journeyman MiBe
Lair:4 1 runed translucent door, Itwuimug's ghost, journeyman DsWn
Elf:2 5 runed translucent doors


Innate Abilities, Weirdness & Mutations

You are resistant to torment.
Your stone body is resilient. (AC +20)
You are immune to poison.
Your large and strong wings let you fly indefinitely.
You resist negative energy. (rN+)
You are resistant to electric shocks. (rElec)
You can survive without breathing.
You are immune to petrification.
You are immune to rotting.
You have large cloven feet.
You are dopey. (Int -2)
You are somewhat resistant to further mutation.


Message History

Press: ? - help, Dir - move target cursor
As you read the scroll of blinking, it crumbles to dust. 5 mummies, a flying skull and a zombie come into view.
The flying skull gives a hideous shriek!
The jiangshi claws you but does no damage. x2
The greater mummy gestures at you while chanting.
Something smites you!
* * * LOW HITPOINT WARNING * * *
The greater mummy gestures wildly while chanting. x2
The spriggan defender skeleton is lost in a daze.
The mummy priest calls down the wrath of its god upon you.
Something smites you!
* * * LOW HITPOINT WARNING * * *
The emperor scorpion stings you.
* * * LOW HITPOINT WARNING * * *
The emperor scorpion closely misses you.
The emperor scorpion claws you but does no damage.
The mummy priest utters an invocation to its god.
The jiangshi claws you!
You die...

M88M88...M
▓▓....MZ.†.s.^8.8^....
▓....M.M..............
▓))ZMW....Z.M...z.....
▓==?M?MZM8.ss.........
▓▓|∩}"M.MMMsZM..4......
▓$=>MMzszsMM3Z.........
▓:∩W[MsMMW.Z..........
▓$[)M@WZWWWZMM........
▓!:}MVVM..Ms..........
▓......Z..........8...
▓▓...........^8.8^....
▓...........88.88....
▓▓...................
▓..........88.88..
▓▓.†.......^8M8^.z


You could see 12 greater mummies, 8 emperor scorpions, 6 mummy priests, a
jiangshi (summoned), a soul eater (summoned), a flayed ghost (summoned, dazed),
a shadow wraith (summoned, invisible), 3 guardian mummies, an ushabti, 2
freezing wraiths, a spectral quicksilver dragon (summoned, dazed), a vampire
(summoned), a wraith (summoned), 2 shadows, 2 flying skulls, 4 mummies, a titan
simulacrum (summoned), an iron dragon zombie (dazed), a sphinx zombie (dazed), 2
juggernaut zombies, a storm dragon skeleton (dazed), a deep elf annihilator
skeleton (dazed), a spriggan defender skeleton (dazed) and a titan skeleton
(dazed).

Vanquished Creatures
  Mara (Vaults:4)
  Mennas (Vaults:3)
  3 ancient liches
  11 juggernauts
  6 greater mummies (Zig:18)
  Boris (Depths:4)
  Sojobo (Vaults:4)
  Saint Roka (Vaults:1)
  12 golden dragons
  2 profane servitors
  Jory (Depths:4)
  4 pearl dragons (Zig:17)
  A Brimstone Fiend (Zig:24)
  9 liches
  3 bone dragons
  Arachne (Spider:4)
  3 iron giants (Zig:16)
  Jorgrun (Elf:1)
  A shard shrike zombie (Crypt:1)
  A hellephant (Abyss:2)
  9 tentacled monstrosities
  9 titans
  6 deep elf blademasters
  5 quicksilver dragons
  5 ancient champions
  8 deep elf master archers
  6 acid blobs
  6 sphinxes
  17 tentacled starspawn
  3 thorn hunters
  6 shadow dragons
  2 azure jellies
  10 revenants
  18 nagarajas (Zig:25)
  5 storm dragons
  Roxanne (Spider:3)
  Donald (Vaults:1)
  5 daevas (Zig:17)
  14 tengu reavers
  13 deep elf sorcerers
  3 draconian monks
  11 balrugs
  21 vault wardens
  9 orc warlords (Zig:23)
  16 frost giants
  3 juggernaut zombies
  8 fire giants
  10 ghost moths
  2 draconian knights
  A black sun (Zig:4)
  Aizul (Vaults:4)
  A corrupter (Zig:19)
  9 emperor scorpions
  A draconian scorcher (Zig:12)
  9 deep elf elementalists
  20 ironheart preservers
  3 reapers
  10 ghouls
  9 curse skulls
  3 caustic shrike zombies
  4 iron dragons
  2 draconian shifters (Zig:12)
  A spriggan defender (Depths:2)
  9 angels
  A draconian stormcaller (Zig:12)
  2 juggernaut skeletons (Zig:18)
  3 war gargoyles
  6 ophanim
  3 caustic shrike skeletons (Zig:24)
  5 draconian annihilators
  29 stone giants
  42 very ugly things
  9 entropy weavers
  12 vampire knights
  A dire elephant (Lair:2)
  2 green draconians (Depths:5)
  4 apis (Zig:17)
  A lorocyproca (Abyss:2)
  16 deep elf annihilators
  3 yellow draconians
  9 deep elf demonologists
  4 black draconians
  A spectral titan (Crypt:3)
  A dire elephant (shapeshifter) (D:12)
  2 white draconians (Zig:12)
  A purple draconian (Depths:5)
  4 spark wasps
  A blizzard demon (Depths:2)
  18 eidola
  2 crystal guardians
  22 ettins
  8 deep elf death magi
  9 mummy priests
  5 merfolk javelineers (Zig:15)
  10 green deaths
  A quicksilver dragon zombie (Abyss:2)
  9 fire dragons
  4 spectral quicksilver dragons (Crypt:3)
  5 merfolk impalers (Zig:15)
  15 yaktaur captains
  Josephine (Lair:5)
  14 deep elf high priests
  A quicksilver dragon skeleton (Abyss:2)
  8 jiangshi
  22 ogre magi
  17 hydras
  8 naga warriors
  Harold (Orc:1)
  7 ice dragons
  13 rakshasas
  20 great orbs of eyes
  28 vault guards
  6 shambling mangroves
  A hydra (shapeshifter) (D:14)
  4 spriggan air magi
  2 ghost crabs
  A merfolk avatar (Zig:15)
  A catoblepas (Lair:6)
  49 two-headed ogres
  Erica (D:8)
  2 satyrs (Zig:15)
  11 centaur warriors
  2 merfolk aquamancers (Zig:15)
  An alligator snapping turtle (shapeshifter) (Vaults:5)
  2 spectral stone giants (Crypt:3)
  16 alligators
  9 death knights
  21 dancing weapons
  A two-headed ogre (shapeshifter) (Crypt:1)
  An alligator snapping turtle (Zig:15)
  10 deep troll shamans
  11 deep troll earth magi
  6 vampire magi
  4 hell hogs
  3 spectral storm dragons (Crypt:3)
  11 death yaks
  6 death scarabs
  4 titan zombies
  9 tengu warriors
  11 thrashing horrors
  A shock serpent (shapeshifter) (Zig:14)
  A spectral dire elephant (Crypt:3)
  12 orc high priests
  9 shock serpents
  6 spriggan berserkers
  Urug (D:10)
  7 naga sharpshooters
  4 soul eaters
  13 hell knights
  13 skeletal warriors
  5 sun demons
  23 deep elf knights
  A spectral anaconda (Crypt:3)
  An iron troll (shapeshifter) (Vaults:5)
  6 sixfirhies
  The ghost of Colgate the Grappler, a novice PaMo of Gozag (D:8)
  6 salamander mystics (Zig:25)
  A titan skeleton (Crypt:3)
  12 wretched stars
  12 shadow wraiths
  An anaconda zombie (Crypt:2)
  6 spatial maelstroms
  2 fire crabs (Zig:6)
  11 iron trolls
  A spectral iron dragon (Crypt:3)
  7 unseen horrors
  A ghost moth zombie (Crypt:1)
  15 swamp dragons
  3 spriggan druids
  15 flayed ghosts
  7 death drakes (Zig:22)
  3 unseen horrors (shapeshifter)
  A shadow demon (Abyss:2)
  A death drake (shapeshifter) (Depths:4)
  35 deep trolls
  A gelid demonspawn (Depths:3)
  6 wizards
  A storm dragon skeleton (Zig:26)
  6 cherubim (Zig:17)
  3 glowing orange brains
  A shadow dragon zombie (Zig:24)
  27 deep elf archers
  2 golden dragon skeletons
  Pikel (D:9)
  A spectral hydra (Crypt:3)
  2 obsidian statues
  2 golden dragon zombies
  3 orange crystal statues (Zig:2)
  3 mana vipers (Zig:25)
  10 harpies
  4 tengu zombies
  19 ironbrand convokers
  2 lindwurms (Swamp:4)
  14 necromancers
  11 orc knights
  20 orb spiders
  A spectral wolf spider (Crypt:3)
  4 tengu skeletons
  65 deep elf magi
  20 phantasmal warriors
  An oklob plant (Lair:6)
  A shining eye (shapeshifter) (Vaults:5)
  2 sphinx zombies (Zig:24)
  A stone giant zombie (Abyss:3)
  2 salamanders
  19 cyclopes
  10 moths of wrath
  2 fire giant zombies
  8 orc sorcerers
  An iron dragon zombie (Crypt:3)
  33 wolf spiders
  2 manticores (Zig:15)
  A faun (shapeshifter) (Abyss:3)
  A spectral alligator (Crypt:3)
  6 fauns (Zig:15)
  A shadow dragon skeleton (Zig:24)
  53 ugly things
  5 shining eyes
  3 rust devils
  Maurice (D:9)
  3 worldbinders
  39 elephants
  A frost giant skeleton (Vaults:5)
  A dire elephant zombie (Abyss:2)
  A shock serpent zombie (Abyss:1)
  37 large abominations
  A human skeleton (Vaults:5)
  5 water nymphs (Zig:15)
  Joseph (D:8)
  12 naga magi
  2 fire giant skeletons
  A molten gargoyle (Swamp:4)
  21 black mambas
  4 apocalypse crabs
  2 guardian serpents (shapeshifter)
  3 guardian serpents
  A stone giant skeleton (Zig:5)
  2 eyes of devastation (Zig:11)
  7 centaur zombies
  6 orange demons
  6 torpor snails
  A gargoyle (D:13)
  17 vault sentinels
  13 smoke demons
  A torpor snail (shapeshifter) (Zig:14)
  66 yaktaurs
  2 emperor scorpion zombies
  24 cane toads
  5 spectral swamp worms (Depths:1)
  15 guardian mummies
  A kobold demonologist (Depths:3)
  3 efreet
  9 komodo dragons
  6 tengu conjurers
  3 tormentors (Zig:24)
  11 hellions
  15 demonic crawlers
  A swamp worm zombie (Crypt:3)
  31 freezing wraiths
  An anaconda simulacrum (Crypt:3)
  3 rime drakes
  5 hellwings
  A komodo dragon (shapeshifter) (Depths:5)
  A green draconian skeleton (Crypt:1)
  11 ancient zymes
  A white draconian skeleton (Crypt:2)
  6 meliai
  3 red devils
  An ice devil (Abyss:3)
  A red draconian skeleton (Crypt:3)
  A jumping spider (shapeshifter) (Vaults:5)
  17 tyrant leeches
  38 jumping spiders
  2 queen bees
  15 trolls
  A minotaur skeleton (Crypt:3)
  A wind drake (shapeshifter) (Abyss:1)
  4 wind drakes (Zig:15)
  29 blink frogs
  17 bog bodies
  A shadow dragon simulacrum (Vaults:5)
  16 merfolk (Zig:15)
  A hornet (shapeshifter) (Vaults:4)
  A blink frog (shapeshifter) (Vaults:5)
  A sphinx simulacrum (Vaults:2)
  An iron dragon simulacrum (Abyss:1)
  31 hornets
  9 hippogriffs
  19 raiju
  A fire dragon zombie (Crypt:3)
  A slime creature (shapeshifter) (Depths:5)
  5 dream sheep (Lair:6)
  43 slime creatures
  A frost giant simulacrum (Abyss:3)
  A snapping turtle (Zig:15)
  2 meliai zombies
  An alligator skeleton (Crypt:1)
  Sigmund (D:4)
  A spectral black mamba (Crypt:3)
  10 spriggans
  4 wyverns
  19 flying skulls
  17 wraiths
  10 air elementals
  7 shadows
  72 starcursed masses
  A vampire (Abyss:4)
  10 water elementals
  A tarantella (shapeshifter) (Vaults:2)
  45 tarantellas
  Eustachio (D:6)
  8 ynoxinuls
  92 redbacks
  5 ushabtiu (Zig:18)
  2 fire bats (Swamp:4)
  A dire elephant simulacrum (Crypt:3)
  A human (shapeshifter) (Vaults:3)
  4 steam dragons (Swamp:4)
  22 yaks
  2 basilisks
  2 golden eyes (Abyss:4)
  16 fire elementals
  10 neqoxecs
  23 vampire mosquitoes
  A catoblepas simulacrum (Crypt:3)
  A yaktaur simulacrum (Vaults:1)
  A human simulacrum (Vaults:3)
  9 nagas
  2 swamp worms (shapeshifter)
  4 chaos spawn
  19 spatial vortices
  An acid dragon (shapeshifter) (Vaults:1)
  34 insubstantial wisps
  6 wargs
  A faun zombie (Crypt:2)
  18 swamp worms
  A gelid demonspawn zombie (Crypt:2)
  4 acid dragons
  2 deep troll skeletons
  14 hell hounds
  A soldier ant (shapeshifter) (Vaults:3)
  5 water moccasins
  A soldier ant (D:10)
  A merfolk zombie (Crypt:3)
  A hydra simulacrum (Crypt:3)
  A floating eye (shapeshifter) (Zig:14)
  2 floating eyes (Depths:3)
  14 porcupines
  A cane toad skeleton (Abyss:3)
  20 swamp drakes
  A water nymph skeleton (Crypt:3)
  5 ice beasts
  50 orc warriors
  4 sky beasts
  2 ettin simulacra
  An eye of draining (shapeshifter) (Vaults:3)
  6 phantoms
  A hornet zombie (D:9)
  3 boggarts (Vaults:2)
  A dream sheep zombie (Crypt:3)
  A fire dragon simulacrum (Crypt:3)
  72 ogres
  11 necrophages
  6 eyes of draining
  A centaur (shapeshifter) (Vaults:5)
  15 centaurs
  10 crocodiles
  5 big kobolds
  2 gnoll sergeants
  29 bullfrogs
  4 human zombies
  2 earth elementals
  2 wyvern zombies (D:12)
  32 small abominations
  6 elf skeletons
  A wyvern skeleton (D:6)
  10 scorpions
  A spriggan zombie (Crypt:1)
  44 killer bees
  A polar bear zombie (Crypt:3)
  An elf simulacrum (Vaults:3)
  10 wights
  2 electric eels
  4 howler monkeys
  4 lava snakes (D:14)
  2 crimson imps
  8 jellies
  5 quasits
  3 bullfrog zombies
  A wolf skeleton (Crypt:2)
  8 hounds
  24 orc priests
  3 bullfrog skeletons
  2 centaur skeletons
  2 iron imps (Depths:2)
  5 iguanas
  35 orc wizards
  A hell rat (Crypt:1)
  9 worker ants
  An ogre zombie (Abyss:1)
  A hound zombie (D:10)
  A hound skeleton (D:7)
  24 mummies
  A worker ant zombie (D:4)
  A howler monkey zombie (Crypt:2)
  12 gnolls
  An ogre simulacrum (Abyss:2)
  12 adders
  3 shadow imps
  7 white imps
  7 ufetubi
  An ooze (D:1)
  An adder zombie (D:5)
  An adder skeleton (D:5)
  2 worms
  2 dart slugs
  4 leopard geckos
  133 orcs
  4 ball pythons
  4 giant cockroaches
  5 goblins
  17 hobgoblins
  13 jackals
  6 quokkas
  A river rat zombie (Crypt:2)
  12 bats
  6 frilled lizards
  A jackal skeleton (D:5)
  22 kobolds
  A leopard gecko zombie (D:3)
  6 rats
  15 briar patches (Zig:22)
  5 crawling corpses (Crypt:1)
  43 fire vortices
  A lurking horror (Abyss:2)
  11 starspawn tentacles
3693 creatures vanquished.

Vanquished Creatures (collateral kills)
  A juggernaut (Zig:16)
  An acid blob (Zig:11)
  An ettin (Vaults:5)
  A spark wasp zombie (Zig:5)
  A spriggan skeleton (Zig:24)
  A starcursed mass (Zig:19)
  3 redbacks (Spider:1)
  A small abomination (Zig:19)
  3 mummies (Zig:18)
  A starspawn tentacle (Zig:19)
14 creatures vanquished.

Vanquished Creatures (others)
  A hydra (Swamp:4)
  A dancing weapon (Zig:20)
  2 swamp dragons (Swamp:4)
  An ironbrand convoker (Vaults:2)
  A lindwurm (Swamp:4)
  A hornet (Zig:22)
  A raiju (Abyss:2)
  A water elemental (Zig:20)
  A swamp drake (Swamp:3)
  An orc warrior (Vaults:1)
  An orc (D:13)
  3 briar patches (Zig:22)
  7 bushes (Abyss:3)
  13 demonic plants (Abyss:3)
  119 fire vortices
  141 fungi
  273 plants
  34 starspawn tentacles
  3 withered plants
605 creatures vanquished.

Grand Total: 4312 creatures vanquished

Notes
Turn   | Place    | Note
-------+----------+-------------------------------------------
     0 | D:1      | Kiburo the Gargoyle Earth Elementalist began the quest for
                  | the Orb.
     0 | D:1      | Reached XP level 1. HP: 10/10 MP: 3/3
    86 | D:1      | Reached XP level 2. HP: 15/15 MP: 1/5
   826 | D:1      | Reached XP level 3. HP: 19/19 MP: 6/6
   831 | D:1      | Learned a level 3 spell: Stone Arrow
  1504 | D:2      | Reached skill level 1 in Conjurations
  2022 | D:2      | Found an iron altar of Okawaru.
  2053 | D:2      | Reached XP level 4. HP: 21/24 MP: 3/8
  2214 | D:2      | Reached skill level 5 in Earth Magic
  2520 | D:2      | Reached XP level 5. HP: 28/28 MP: 4/9
  2747 | D:2      | Learned a level 5 spell: Lee's Rapid Deconstruction
  3455 | D:3      | Gained mutation: You do not regenerate when monsters are
                  | visible. [potion of mutation]
  3455 | D:3      | Gained mutation: You are robust. (+10% HP) [potion of
                  | mutation]
  3455 | D:3      | Gained mutation: Your muscles are strong. (Str +2) [potion
                  | of mutation]
  3455 | D:3      | Gained mutation: You have a pair of small horns on your
                  | head. [potion of mutation]
  3558 | D:3      | Reached XP level 6. HP: 9/35 MP: 3/11
  4048 | D:3      | Found a runed translucent door.
  4048 | D:3      | Noticed martbhell's ghost (amateur MiBe)
  4521 | D:4      | Noticed a phantom
  4527 | D:4      | Killed a phantom
  4553 | D:4      | Reached XP level 7. HP: 39/39 MP: 10/13
  4586 | D:4      | Found a glowing silver altar of Zin.
  4586 | D:4      | Noticed Sigmund
  4864 | D:4      | Found a snail-covered altar of Cheibriados.
  5071 | D:4      | Killed Sigmund
  5071 | D:4      | Reached skill level 5 in Spellcasting
  5334 | D:5      | Entered Level 5 of the Dungeon
  5348 | D:5      | Reached skill level 5 in Conjurations
  5348 | D:5      | Reached XP level 8. HP: 36/45 MP: 12/15
  5847 | D:5      | You fall into a shaft and drop 1 floor!
  5964 | D:6      | Noticed Eustachio
  5977 | D:6      | Killed Eustachio
  5977 | D:6      | Reached skill level 1 in Fighting
  5977 | D:6      | Reached skill level 1 in Maces & Flails
  5977 | D:6      | Reached skill level 1 in Armour
  6167 | D:5      | Found an opulent altar of Gozag.
  6168 | D:5      | Found a bloodstained altar of Trog.
  7252 | D:6      | Found a white marble altar of Elyvilon.
  7416 | D:6      | Found an ancient bone altar of Kikubaaqudgha.
  7516 | D:6      | Found a staircase to the Ecumenical Temple.
  7523 | Temple   | Entered the Ecumenical Temple
  7998 | D:7      | Reached XP level 9. HP: 53/53 MP: 10/17
  9044 | D:8      | Reached XP level 10. HP: 31/61 MP: 10/19
  9058 | D:8      | Noticed Joseph
  9306 | D:8      | Killed Joseph
  9463 | D:8      | Found a staircase to the Lair.
  9682 | D:8      | Noticed Erica
  9692 | D:8      | Killed Erica
  9823 | D:8      | Found a transporter.
  9871 | D:8      | Noticed Colgate's ghost (novice PaMo)
  9872 | D:8      | Found a transporter.
  9979 | D:8      | Found Botor's Book Shop.
 10419 | D:8      | Reached skill level 5 in Fighting
 10420 | D:8      | Reached skill level 5 in Armour
 10442 | D:8      | Killed Colgate's ghost
 10749 | D:8      | Identified the +1 leather armour of Philately {rElec} (You
                  | found it on level 8 of the Dungeon)
 11183 | D:9      | Noticed Maurice
 11191 | D:9      | Killed Maurice
 11191 | D:9      | Reached skill level 5 in Maces & Flails
 11191 | D:9      | Reached XP level 11. HP: 70/70 MP: 6/21
 11307 | D:9      | Found Hol Xyxu's Armour Shoppe.
 11574 | D:9      | Found a staircase to the Orcish Mines.
 11668 | D:9      | Noticed Pikel
 11671 | D:9      | Killed Pikel
 12080 | D:9      | Found a hide-covered altar of Uskayaw.
 12087 | D:9      | Found a radiant altar of Vehumet.
 12089 | D:9      | Found a broken altar of Ashenzari.
 12095 | D:9      | Became a worshipper of Vehumet
 12218 | D:10     | Entered Level 10 of the Dungeon
 12320 | D:10     | Noticed Urug
 12333 | D:10     | Killed Urug
 12333 | D:10     | Reached skill level 5 in Dodging
 12976 | D:10     | Reached skill level 10 in Earth Magic
 13512 | D:11     | Found a blossoming altar of Fedhas.
 13542 | D:11     | Reached * piety under Vehumet
 13542 | D:11     | Offered knowledge of Magic Dart by Vehumet.
 13848 | D:11     | Found Onkior's Weapon Shop.
 13970 | D:12     | Noticed a two-headed ogre
 13979 | D:12     | Killed a two-headed ogre
 14314 | D:12     | Reached skill level 1 in Evocations
 14436 | D:12     | Offered knowledge of Foxfire by Vehumet.
 14494 | D:12     | Reached ** piety under Vehumet
 14517 | D:12     | Reached XP level 12. HP: 62/78 MP: 24/24
 15070 | D:12     | Offered knowledge of Searing Ray by Vehumet.
 15321 | D:12     | Found a broken altar of Ashenzari.
 15446 | D:12     | Reached *** piety under Vehumet
 15938 | D:12     | Noticed a dire elephant
 15949 | D:12     | Noticed a tengu reaver
 15951 | D:12     | Killed a dire elephant
 16124 | D:12     | Noticed an ettin
 16131 | D:12     | Killed an ettin
 16139 | D:12     | Killed a tengu reaver
 16139 | D:12     | Offered knowledge of Static Discharge by Vehumet.
 17217 | D:12     | Reached XP level 13. HP: 46/85 MP: 24/25
 17392 | D:12     | Found a broken altar of Ashenzari.
 18075 | D:13     | Noticed a great orb of eyes
 18240 | D:13     | Paralysed by a great orb of eyes for 4 turns
 18256 | D:13     | Paralysed by a great orb of eyes for 2 turns
 18266 | D:13     | Killed a great orb of eyes
 18266 | D:13     | Reached skill level 10 in Conjurations
 18559 | D:13     | Reached **** piety under Vehumet
 18653 | D:13     | Identified the +3 leather armour of Xetsu {Harm Int-3
                  | Dex+7} (You found it on level 13 of the Dungeon)
 18817 | D:13     | Offered knowledge of Bolt of Magma by Vehumet.
 18824 | D:13     | Learned a level 5 spell: Bolt of Magma
 19058 | D:13     | Reached skill level 1 in Fire Magic
 19484 | D:14     | Found a runed translucent door.
 19489 | D:14     | Noticed fly's ghost (journeyman TeAE)
 19489 | D:14     | Noticed an ettin
 19504 | D:14     | Found an iron altar of Okawaru.
 20625 | D:14     | Noticed a fire dragon
 20625 | D:14     | a slime creature changed into a fire dragon
 20627 | D:14     | a fire dragon changed into a wolf spider
 20630 | D:14     | Noticed an ice dragon
 20630 | D:14     | a wolf spider changed into an ice dragon
 20631 | D:14     | an ice dragon changed into an alligator
 20865 | D:14     | Found a gate to the Vaults.
 21647 | Lair:1   | Entered Level 1 of the Lair of Beasts
 21691 | Lair:1   | You fall into a shaft and drop 1 floor!
 21730 | Lair:1   | Reached ***** piety under Vehumet
 21870 | Lair:1   | Offered knowledge of Spellforged Servitor by Vehumet.
 22319 | Lair:1   | Gained mutation: Your large and strong wings let you fly
                  | indefinitely. [Gargoyle growth]
 22319 | Lair:1   | Reached XP level 14. HP: 52/94 MP: 27/27
 22828 | Lair:2   | Reached skill level 5 in Evocations
 23888 | Lair:2   | Noticed a dire elephant
 23920 | Lair:2   | Killed a dire elephant
 23977 | Lair:2   | Reached skill level 5 in Fire Magic
 25750 | Lair:4   | Found a runed translucent door.
 25751 | Lair:4   | Noticed Itwuimug's ghost (journeyman DsWn)
 27827 | Lair:4   | Found a hole to the Spider Nest.
 27829 | Lair:4   | Reached skill level 10 in Spellcasting
 28105 | Lair:4   | Found a staircase to the Swamp.
 28384 | Lair:5   | Reached skill level 10 in Fighting
 28420 | Lair:5   | Offered knowledge of Fireball by Vehumet.
 28427 | Lair:5   | Learned a level 5 spell: Fireball
 28488 | Lair:5   | Reached XP level 15. HP: 101/101 MP: 26/29
 28978 | Lair:5   | Noticed Josephine
 29035 | Lair:5   | Killed Josephine
 29640 | Lair:6   | Entered Level 6 of the Lair of Beasts
 31840 | Lair:6   | HP: 4/102 [tyrant leech (19)]
 32359 | Lair:6   | Offered knowledge of Yara's Violent Unravelling by Vehumet.
 32531 | Lair:6   | Got a pitted trident
 32532 | Lair:6   | Identified the cursed +0 trident "Litaux" {vorpal, +Fly}
                  | (You found it on level 6 of the Lair of Beasts)
 32595 | Lair:6   | Lost mutation: Your muscles are strong. (Str +2) [potion of
                  | mutation]
 32595 | Lair:6   | Lost mutation: You are robust. (+10% HP) [potion of
                  | mutation]
 32595 | Lair:6   | Gained mutation: Your mind is acute. (Int +2) [potion of
                  | mutation]
 32595 | Lair:6   | Lost mutation: Your mind is acute. (Int +2) [potion of
                  | mutation]
 32595 | Lair:6   | Gained mutation: You are resistant to hostile enchantments.
                  | (MR+) [potion of mutation]
 32596 | Lair:6   | Lost mutation: You have a pair of small horns on your head.
                  | [potion of mutation]
 32596 | Lair:6   | Lost mutation: You do not regenerate when monsters are
                  | visible. [potion of mutation]
 32596 | Lair:6   | Gained mutation: Armour fits poorly on your strangely
                  | shaped body. [potion of mutation]
 32596 | Lair:6   | Gained mutation: You tend to lose your temper in combat.
                  | [potion of mutation]
 32596 | Lair:6   | Gained mutation: Your mind is acute. (Int +2) [potion of
                  | mutation]
 32801 | Lair:6   | Found a viscous altar of Jiyva.
 32801 | Lair:6   | Found a staircase to the Slime Pits.
 33068 | Orc:1    | Entered Level 1 of the Orcish Mines
 33313 | Orc:1    | Found Vubesuowi's Weapon Emporium.
 33333 | Orc:1    | Noticed Harold
 33339 | Orc:1    | Killed Harold
 33524 | Orc:2    | Entered Level 2 of the Orcish Mines
 33524 | Orc:2    | Found a staircase to the Elven Halls.
 33540 | Orc:1    | Reached XP level 16. HP: 91/99 MP: 16/30
 33729 | Orc:1    | Offered knowledge of Iron Shot by Vehumet.
 33750 | Orc:1    | Learned a level 6 spell: Iron Shot
 34736 | Orc:2    | Found Angann's Mass Market.
 34768 | Orc:2    | Reached skill level 10 in Maces & Flails
 35038 | Orc:2    | Found Zivifuq's Distillery.
 35116 | Orc:2    | Found Baadaseq's Assorted Antiques.
 35118 | Orc:2    | Found Elolu's Book Boutique.
 35119 | Orc:2    | Bought a potion of curing for 48 gold pieces
 35119 | Orc:2    | Bought a potion of curing for 48 gold pieces
 35119 | Orc:2    | Bought a potion of curing for 48 gold pieces
 35119 | Orc:2    | Bought a potion of heal wounds for 80 gold pieces
 35125 | Orc:2    | Bought a potion of curing for 108 gold pieces
 35125 | Orc:2    | Bought a scroll of blinking for 270 gold pieces
 35132 | Orc:2    | Found Liguept's General Store.
 35810 | D:15     | Entered Level 15 of the Dungeon
 36056 | D:15     | Found a runed translucent gate.
 36057 | D:15     | Found a runed translucent gate.
 36058 | D:15     | Found a runed translucent gate.
 36060 | D:15     | Noticed GsBirdie's ghost (journeyman MiBe)
 36235 | D:15     | Found a white marble altar of Elyvilon.
 36238 | D:15     | Found a runed translucent door.
 36476 | D:15     | Found a staircase to the Depths.
 36584 | D:15     | Offered knowledge of Freezing Cloud by Vehumet.
 36684 | D:15     | Reached skill level 10 in Fire Magic
 36888 | D:15     | Found a sacrificial altar of Ru.
 37752 | Spider:1 | Entered Level 1 of the Spider Nest
 38961 | Spider:1 | Reached XP level 17. HP: 101/104 MP: 32/32
 41274 | Spider:2 | Offered knowledge of Starburst by Vehumet.
 42093 | Spider:3 | Noticed Roxanne
 42098 | Spider:3 | Killed Roxanne
 42157 | Spider:3 | Learned a level 6 spell: Starburst
 42419 | Spider:4 | Entered Level 4 of the Spider Nest
 42532 | Swamp:1  | Entered Level 1 of the Swamp
 43889 | Swamp:2  | Reached ****** piety under Vehumet
 44102 | Swamp:2  | Offered knowledge of Conjure Ball Lightning by Vehumet.
 46882 | Swamp:4  | Entered Level 4 of the Swamp
 46887 | Swamp:4  | Reached XP level 18. HP: 112/112 MP: 33/33
 47592 | Swamp:4  | Reached skill level 10 in Dodging
 48356 | Swamp:4  | Got a decaying rune of Zot
 49231 | Spider:4 | Offered knowledge of Lehudib's Crystal Spear by Vehumet.
 49231 | Spider:4 | Offered knowledge of Fire Storm by Vehumet.
 49231 | Spider:4 | Offered knowledge of Ignition by Vehumet.
 49612 | Spider:3 | Learned a level 8 spell: Ignition
 49853 | Orc:2    | Bought a scroll of identify for 72 gold pieces
 49853 | Orc:2    | Bought a notched bronze ring for 180 gold pieces
 49855 | Orc:2    | Bought a potion of might for 144 gold pieces
 49855 | Orc:2    | Bought a wand of acid (9) for 288 gold pieces
 49874 | Orc:2    | Bought a potion of resistance for 150 gold pieces
 49874 | Orc:2    | Bought a scroll of teleportation for 45 gold pieces
 49874 | Orc:2    | Bought a scroll of teleportation for 45 gold pieces
 49874 | Orc:2    | Bought a scroll of identify for 30 gold pieces
 49888 | Orc:2    | Bought 2 potions of ambrosia for 256 gold pieces
 49888 | Orc:2    | Bought a potion of cancellation for 128 gold pieces
 49888 | Orc:2    | Bought a potion of brilliance for 64 gold pieces
 50987 | Spider:4 | Noticed Arachne
 51022 | Spider:4 | Killed Arachne
 51151 | Spider:4 | Lost mutation: Armour fits poorly on your strangely shaped
                  | body. [potion of mutation]
 51151 | Spider:4 | Lost mutation: You tend to lose your temper in combat.
                  | [potion of mutation]
 51151 | Spider:4 | Gained mutation: Potions are less effective at restoring
                  | your health. [potion of mutation]
 51151 | Spider:4 | Gained mutation: Scrolls take you a little longer to read.
                  | [potion of mutation]
 51151 | Spider:4 | Gained mutation: Your flesh is cold resistant. (rC+)
                  | [potion of mutation]
 51898 | Spider:4 | Got a gossamer rune of Zot
 52221 | Elf:1    | Entered Level 1 of the Elven Halls
 52230 | Elf:1    | Reached XP level 19. HP: 116/117 MP: 22/35
 52575 | Elf:1    | Noticed Jorgrun
 52580 | Elf:1    | Killed Jorgrun
 52580 | Elf:1    | Reached skill level 15 in Fire Magic
 52846 | Elf:1    | Found Gimimeb's Antique Weapon Emporium.
 53317 | Elf:1    | Reached skill level 15 in Earth Magic
 54302 | Elf:2    | Found a portal to a secret trove of treasure.
 54388 | Elf:2    | Found a huge runed translucent gate.
 54388 | Elf:2    | Found a huge runed translucent gate.
 54388 | Elf:2    | Found a huge runed translucent gate.
 54388 | Elf:2    | Found a huge runed translucent gate.
 54388 | Elf:2    | Found a huge runed translucent gate.
 54692 | Elf:3    | Entered Level 3 of the Elven Halls
 55199 | Elf:3    | Reached XP level 20. HP: 96/124 MP: 25/36
 55848 | Elf:3    | Identified the ring "Sinne" {rC+ Int+2 SInv}
 55979 | Elf:3    | Found the +10 morningstar "Eos" {elec, Halo rElec}
 56453 | Elf:3    | Found Poschahen's Magic Scroll Shoppe.
 56458 | Elf:3    | Bought 3 scrolls of teleportation for 108 gold pieces
 56458 | Elf:3    | Bought a scroll of identify for 24 gold pieces
 56458 | Elf:3    | Bought a scroll of magic mapping for 42 gold pieces
 56458 | Elf:3    | Bought a scroll of teleportation for 36 gold pieces
 56458 | Elf:3    | Bought a scroll of identify for 24 gold pieces
 56458 | Elf:3    | Bought a scroll of teleportation for 36 gold pieces
 56458 | Elf:3    | Bought a scroll of identify for 24 gold pieces
 56458 | Elf:3    | Bought a scroll of blinking for 90 gold pieces
 56458 | Elf:3    | Bought a scroll of teleportation for 36 gold pieces
 57193 | Vaults:1 | Entered Level 1 of the Vaults
 58046 | Vaults:1 | Noticed Donald
 58052 | Vaults:1 | Killed Donald
 59213 | Vaults:1 | Noticed a lich
 59216 | Vaults:1 | Paralysed by a lich for 5 turns
 59222 | Vaults:1 | Killed a lich
 59928 | Vaults:1 | Noticed Saint Roka
 59935 | Vaults:1 | Reached XP level 21. HP: 78/130 MP: 37/37
 59940 | Vaults:1 | Killed Saint Roka
 60883 | Vaults:2 | Found a staircase to the Crypt.
 60985 | Vaults:2 | Identified the amulet of Kegah {Spirit +Inv MR+}
 61871 | Vaults:2 | You are sucked into a shaft and drop 2 floors!
 62136 | Vaults:4 | Noticed Sojobo
 62145 | Vaults:4 | Killed Sojobo
 62547 | Vaults:2 | Reached XP level 22. HP: 137/137 MP: 39/39
 62550 | Vaults:2 | Reached skill level 15 in Conjurations
 63245 | Vaults:3 | Noticed Mennas
 63256 | Vaults:3 | Killed Mennas
 63631 | Vaults:3 | Identified a scroll of acquirement
 63793 | Vaults:3 | Acquired the ring of Pontise {*Drain +Inv MR+ Int+8 Stlth+}
 65479 | Vaults:4 | Found Ykhlasut's General Store.
 65633 | Vaults:4 | Bought a wand of acid (10) for 560 gold pieces
 65633 | Vaults:4 | Bought a potion of curing for 60 gold pieces
 65633 | Vaults:4 | Bought a scroll of holy word for 150 gold pieces
 65633 | Vaults:4 | Bought a scroll of identify for 40 gold pieces
 65993 | Vaults:4 | Reached XP level 23. HP: 119/143 MP: 30/40
 66005 | Vaults:4 | Reached skill level 10 in Evocations
 66620 | Vaults:4 | Noticed Aizul
 66634 | Vaults:4 | Killed Aizul
 66877 | Vaults:4 | Noticed Mara
 66886 | Vaults:4 | Killed Mara
 67567 | Vaults:5 | Entered Level 5 of the Vaults
 67568 | Vaults:5 | Reached skill level 15 in Fighting
 67887 | Vaults:4 | Learned a level 9 spell: Shatter
 68025 | Crypt:1  | Entered Level 1 of the Crypt
 68421 | Crypt:1  | Identified the cursed +0 robe of Dupsovit {rElec Dex+4}
                  | (You found it on level 1 of the Crypt)
 68469 | Crypt:1  | Found a runed translucent gate.
 68469 | Crypt:1  | Found a runed translucent gate.
 68469 | Crypt:1  | Found a runed translucent gate.
 70321 | Crypt:2  | Reached XP level 24. HP: 139/151 MP: 39/41
 71813 | Crypt:3  | Entered Level 3 of the Crypt
 72173 | Crypt:3  | Found a staircase to the Tomb.
 73031 | Crypt:3  | Found the +8 demon blade "Leech" {vamp, *Rage +Rage rN+}
 73050 | Crypt:3  | Got a smoking tin amulet
 73053 | Crypt:3  | Identified the amulet "Sumag" {RegenMP Stlth+} (You found
                  | it on level 3 of the Crypt)
 73080 | Crypt:3  | Identified the Incunabulum of Displaced Bewitchment
 74089 | Crypt:3  | Identified Sif Muna's Reference Book on Excruciating Flight
 74656 | Vaults:5 | Noticed an ancient lich
 74658 | Vaults:5 | Killed an ancient lich
 75265 | Vaults:4 | Learned a level 9 spell: Fire Storm
 75315 | Vaults:5 | Identified the +4 rapier of Gobbudo {protect, Dex+7}
 75319 | Vaults:5 | Reached XP level 25. HP: 97/157 MP: 37/41
 75321 | Vaults:5 | Reached skill level 15 in Maces & Flails
 75713 | Vaults:4 | Gained mutation: You are frail. (-10% HP) [mutagenic glow]
 76392 | Vaults:5 | Identified the ring "Deypsaru" {Int+6 Dex+2}
 76942 | Vaults:5 | Identified the Reference Book on Lightness and the Voyage
 77003 | Vaults:5 | Reached skill level 15 in Spellcasting
 77175 | Vaults:5 | Found the +10 tower shield of Ignorance {rN+ Int-4}
 77195 | Vaults:5 | Identified the cursed +1 robe of Going Fast {-Cast Str+5
                  | Int+4} (You found it on level 5 of the Vaults)
 77221 | Vaults:5 | Identified the Guide on Execration and Conjuration
 77273 | Vaults:5 | Got a silver rune of Zot
 77806 | Depths:1 | Entered Level 1 of the Depths
 77838 | Depths:1 | Found a gateway to Hell.
 78027 | Depths:1 | Found Zyffazan's Weapon Emporium.
 78103 | Depths:1 | Found a gateway to a ziggurat.
 79653 | Depths:2 | Noticed a juggernaut
 79658 | Depths:2 | Killed a juggernaut
 79682 | Depths:2 | Reached XP level 26. HP: 99/147 MP: 10/42
 80058 | Depths:2 | Identified the +10 great sword "Demonslayer" {vorpal,
                  | Fragile +Blink rF+ Int+2}
 81078 | Depths:2 | Identified Gets's Disquisition on Dark Displacement
 81375 | Depths:3 | Noticed a juggernaut
 81379 | Depths:3 | Killed a juggernaut
 81380 | Depths:3 | Noticed a juggernaut
 81383 | Depths:3 | Killed a juggernaut
 81389 | Depths:3 | Paralysed by a floating eye for 3 turns
 81393 | Depths:3 | HP: 7/149 [spark wasp (5)]
 81875 | Depths:2 | Lost mutation: Scrolls take you a little longer to read.
                  | [potion of mutation]
 81875 | Depths:2 | Lost mutation: Your mind is acute. (Int +2) [potion of
                  | mutation]
 81875 | Depths:2 | Lost mutation: You are resistant to hostile enchantments.
                  | (MR+) [potion of mutation]
 81875 | Depths:2 | Gained mutation: Your movements are slightly less
                  | encumbered by armour. (ER -2) [potion of mutation]
 81875 | Depths:2 | Gained mutation: You are partially covered in yellow
                  | scales. (AC +2) [potion of mutation]
 81876 | Depths:2 | Lost mutation: Your flesh is cold resistant. (rC+) [potion
                  | of mutation]
 81876 | Depths:2 | Lost mutation: You are partially covered in yellow scales.
                  | (AC +2) [potion of mutation]
 81876 | Depths:2 | Gained mutation: You are very frail. (-20% HP) [potion of
                  | mutation]
 81876 | Depths:2 | Gained mutation: You possess an exceptional clarity of
                  | mind. [potion of mutation]
 81879 | Depths:3 | Cast into level 3 of the Abyss (hell knight)
 82304 | Depths:3 | Escaped the Abyss
 83188 | Depths:3 | Found a one-way gate leading to the halls of Pandemonium.
 83319 | Depths:3 | Found Rotzaluo's General Store.
 83408 | Depths:3 | Reached XP level 27. HP: 137/137 MP: 42/42
 83530 | Depths:3 | Found a one-way gate to the infinite horrors of the Abyss.
 83885 | Depths:4 | Noticed Boris
 83889 | Depths:4 | Killed Boris
 83978 | Depths:4 | Noticed Jory
 83981 | Depths:4 | Killed Jory
 85459 | Depths:5 | Entered Level 5 of the Depths
 86830 | Depths:5 | Found a gate to the Realm of Zot.
 87800 | Depths:4 | Voluntarily entered the Abyss.
 88947 | Abyss:3  | Paralysed by accursed screaming for 1 turns
 88978 | Abyss:3  | Found a sparkling altar of Nemelex Xobeh.
 89007 | Depths:4 | Escaped the Abyss
 89163 | Depths:4 | Voluntarily entered the Abyss.
 89934 | Abyss:3  | Found a corrupted altar of Lugonu.
 90061 | Abyss:3  | Reached skill level 15 in Dodging
 90335 | Depths:4 | Escaped the Abyss
 90578 | Depths:4 | Voluntarily entered the Abyss.
 90580 | Abyss:1  | Found a corrupted altar of Lugonu.
 90746 | Abyss:1  | Found a stormy altar of Qazlal.
 91114 | Abyss:1  | Lost mutation: You possess an exceptional clarity of mind.
                  | [a neqoxec]
 91665 | Abyss:1  | Found a sparkling altar of Nemelex Xobeh.
 92240 | Abyss:1  | Lost mutation: You are very frail. (-20% HP) [potion of
                  | mutation]
 92240 | Abyss:1  | Lost mutation: You are frail. (-10% HP) [potion of
                  | mutation]
 92240 | Abyss:1  | Lost mutation: Your movements are slightly less encumbered
                  | by armour. (ER -2) [potion of mutation]
 92240 | Abyss:1  | Gained mutation: You have large cloven feet. [potion of
                  | mutation]
 92240 | Abyss:1  | Gained mutation: Your spells are a little harder to cast,
                  | but a little more powerful. [potion of mutation]
 92634 | Abyss:2  | Noticed an ancient lich
 92637 | Abyss:2  | Killed an ancient lich
 92639 | Abyss:2  | Identified the Tome of Confrontation
 92647 | Abyss:2  | Identified the Handbook of the Volcanoes
 92652 | Abyss:2  | Gained mutation: Your magical capacity is low. (-10% MP) [a
                  | shining eye]
 92653 | Abyss:2  | Identified the Disquisition on the Mountains
 92656 | Abyss:2  | Identified the Guide on the Blaze
 92657 | Abyss:2  | Gained mutation: You tend to lose your temper in combat. [a
                  | shining eye]
 92668 | Abyss:2  | Identified Lefusaki's Almanac of Stones
 92671 | Abyss:2  | Identified the Tome of the Rocks
 92673 | Abyss:2  | Identified the Catalogue of Cold
 92685 | Abyss:2  | Identified Tasch's Collected Works on Confrontation
 92688 | Abyss:2  | Identified Fiqy's Collected Works on Poison
 92861 | Depths:4 | Escaped the Abyss
 93114 | Zig:1    | Entered Level 1 of a ziggurat
 93233 | Zig:2    | Entered Level 2 of a ziggurat
 93257 | Zig:3    | Entered Level 3 of a ziggurat
 93398 | Zig:4    | Entered Level 4 of a ziggurat
 93513 | Zig:5    | Entered Level 5 of a ziggurat
 93710 | Zig:6    | Entered Level 6 of a ziggurat
 93770 | Zig:6    | Lost mutation: Potions are less effective at restoring your
                  | health. [potion of mutation]
 93770 | Zig:6    | Lost mutation: Your spells are a little harder to cast, but
                  | a little more powerful. [potion of mutation]
 93770 | Zig:6    | Lost mutation: Your magical capacity is low. (-10% MP)
                  | [potion of mutation]
 93770 | Zig:6    | Gained mutation: You expend magic power (3 MP) to
                  | strengthen your wands. [potion of mutation]
 93770 | Zig:6    | Gained mutation: You are partially covered in slimy green
                  | scales. (AC +2) [potion of mutation]
 93770 | Zig:6    | Gained mutation: Your body sometimes deteriorates upon
                  | taking damage. [potion of mutation]
 93770 | Zig:6    | Gained mutation: You have very sharp teeth. [potion of
                  | mutation]
 93772 | Zig:7    | Entered Level 7 of a ziggurat
 93898 | Zig:7    | Identified the Disquisition on Doomed Ignition
 93901 | Zig:7    | Identified the Volume of Entrancing Transmigration
 93908 | Zig:8    | Entered Level 8 of a ziggurat
 93980 | Zig:9    | Entered Level 9 of a ziggurat
 93993 | Zig:9    | Found the +8 frozen axe "Frostbite" {freezing cloud, *Noise
                  | +Fly rC+}
 94001 | Zig:9    | Lost mutation: Your body sometimes deteriorates upon taking
                  | damage. [potion of mutation]
 94001 | Zig:9    | Lost mutation: You expend magic power (3 MP) to strengthen
                  | your wands. [potion of mutation]
 94001 | Zig:9    | Lost mutation: You tend to lose your temper in combat.
                  | [potion of mutation]
 94001 | Zig:9    | Lost mutation: You are partially covered in slimy green
                  | scales. (AC +2) [potion of mutation]
 94001 | Zig:9    | Gained mutation: You are somewhat resistant to further
                  | mutation. [potion of mutation]
 94001 | Zig:9    | Gained mutation: Armour fits poorly on your strangely
                  | shaped body. [potion of mutation]
 94058 | Zig:10   | Entered Level 10 of a ziggurat
 94070 | Zig:10   | Found the +11 plutonium sword {*Contam Stlth-}
 94087 | Zig:10   | Identified the Volume of the Glacier
 94094 | Zig:10   | Got a pair of pitted gloves
 94095 | Zig:10   | Identified the cursed +0 pair of gloves "Cylan" {Dex+2}
                  | (You found it on level 10 of a ziggurat)
 94103 | Zig:10   | Identified the Handbook of Curses and Shape Shifting
 94111 | Zig:11   | Entered Level 11 of a ziggurat
 94163 | Zig:12   | Entered Level 12 of a ziggurat
 94266 | Zig:12   | Lost mutation: You have very sharp teeth. [potion of
                  | mutation]
 94266 | Zig:12   | Lost mutation: Armour fits poorly on your strangely shaped
                  | body. [potion of mutation]
 94266 | Zig:12   | Gained mutation: You are dopey. (Int -2) [potion of
                  | mutation]
 94269 | Zig:12   | Got a brightly glowing platinum ring
 94270 | Zig:12   | Identified the ring "Xoah" {rPois Int-5 Dex+6 Stlth+} (You
                  | found it on level 12 of a ziggurat)
 94273 | Zig:12   | Identified Vehumet's Incunabulum of Combat Magic
 94290 | Zig:13   | Entered Level 13 of a ziggurat
 94319 | Zig:13   | Identified the cursed -6 pair of gloves "Zinah" {-Tele
                  | rElec rC+} (You found it on level 13 of a ziggurat)
 94321 | Zig:13   | Got a scintillating bronze ring
 94322 | Zig:13   | Identified the ring "Nepsauh" {rPois rF+ MP+9 Dex+2} (You
                  | found it on level 13 of a ziggurat)
 94402 | Zig:13   | Got an ancient lead amulet
 94403 | Zig:13   | Identified the amulet "Rumis" {Faith Str+2} (You found it
                  | on level 13 of a ziggurat)
 94409 | Zig:13   | Identified the Grimoire of Enchantment and the Snowflakes
 94413 | Zig:14   | Entered Level 14 of a ziggurat
 94616 | Zig:14   | Identified the Compendium of Snow and the Arsonist
 94620 | Zig:14   | Got an ancient silver ring
 94635 | Zig:14   | Got a scintillating glass ring
 94636 | Zig:14   | Identified the ring of Amelioration {MR+ Int+4} (You found
                  | it on level 14 of a ziggurat)
 94650 | Zig:14   | Identified the Disquisition on Malediction
 94654 | Zig:14   | Identified the Grimoire of Blows and Bruises
 94659 | Zig:15   | Entered Level 15 of a ziggurat
 94819 | Zig:15   | Acquired a book of Annihilations
 94842 | Zig:15   | Learned a level 9 spell: Absolute Zero
 94842 | Zig:15   | Reached skill level 5 in Ice Magic
 94846 | Zig:16   | Entered Level 16 of a ziggurat
 94863 | Zig:16   | Noticed a juggernaut
 94863 | Zig:16   | Noticed a juggernaut
 94864 | Zig:16   | Noticed a juggernaut
 94865 | Zig:16   | Killed a juggernaut
 94865 | Zig:16   | Killed a juggernaut
 94866 | Zig:16   | Noticed a juggernaut
 94867 | Zig:16   | Killed a juggernaut
 94867 | Zig:16   | Killed a juggernaut
 95031 | Zig:16   | Got a crude brass ring
 95033 | Zig:16   | Identified the ring "Yrphyzi" {AC+4 Str+4} (You found it on
                  | level 16 of a ziggurat)
 95035 | Zig:16   | Identified the ring of Wieben {rElec rN+ Stlth+} (You found
                  | it on level 14 of a ziggurat)
 95037 | Zig:16   | Identified the Handbook of Transformation and Cold
 95040 | Zig:16   | Identified the Reference Book on Stolen Souls and the Oath
 95059 | Zig:16   | Identified Boiludou's Incunabulum of the Gravedigger
 95065 | Zig:17   | Entered Level 17 of a ziggurat
 95092 | Zig:17   | Identified the +3 buckler of the Moon {Int+2 SInv}
 95376 | Zig:17   | Got a transparent amber ring
 95377 | Zig:17   | Identified the ring of Tohum {+Fly rElec AC+4 Str+9 Stlth-}
                  | (You found it on level 17 of a ziggurat)
 95384 | Zig:17   | Reached skill level 10 in Ice Magic
 95388 | Zig:18   | Entered Level 18 of a ziggurat
 95398 | Zig:18   | Noticed a greater mummy
 95409 | Zig:18   | Killed a greater mummy
 95430 | Zig:18   | Noticed a greater mummy
 95433 | Zig:18   | Noticed a greater mummy
 95435 | Zig:18   | Killed a greater mummy
 95435 | Zig:18   | Noticed a greater mummy
 95436 | Zig:18   | Killed a greater mummy
 95436 | Zig:18   | Noticed a greater mummy
 95438 | Zig:18   | Killed a greater mummy
 95438 | Zig:18   | Noticed a greater mummy
 95439 | Zig:18   | Noticed a greater mummy
 95441 | Zig:18   | Killed a greater mummy
 95454 | Zig:18   | Killed a greater mummy
 95454 | Zig:18   | Noticed a greater mummy
 95473 | Zig:19   | Entered Level 19 of a ziggurat
 95520 | Zig:19   | Noticed an ancient lich
 95522 | Zig:19   | Killed an ancient lich
 95815 | Zig:19   | Identified the Handbook of the Thoughtful Tables
 95832 | Zig:20   | Entered Level 20 of a ziggurat
 96020 | Zig:21   | Entered Level 21 of a ziggurat
 96050 | Zig:21   | Found the +0 staff of Battle
 96293 | Zig:21   | Identified the +3 leather armour "Jafiarhi" {rF+ rC+++ SInv
                  | Stlth-} (You found it on level 21 of a ziggurat)
 96308 | Zig:22   | Entered Level 22 of a ziggurat
 96367 | Zig:22   | Identified the cursed +0 robe of Evolution {rPois MR- Str+9
                  | Int+6} (You found it on level 22 of a ziggurat)
 96371 | Zig:22   | Identified the +0 robe "Taesiuts" {rElec rF- rC++} (You
                  | found it on level 22 of a ziggurat)
 96386 | Zig:22   | Got a bound iron ring
 96387 | Zig:22   | Identified the ring "Duw Mer" {Wiz rPois rF+ MR+ Str+2}
                  | (You found it on level 22 of a ziggurat)
 96489 | Zig:23   | Entered Level 23 of a ziggurat
 96499 | Zig:23   | Noticed a juggernaut
 96501 | Zig:23   | Noticed a juggernaut
 96503 | Zig:23   | Noticed a juggernaut
 96504 | Zig:23   | Killed a juggernaut
 96505 | Zig:23   | Killed a juggernaut
 96508 | Zig:23   | Killed a juggernaut
 96509 | Zig:23   | Noticed a juggernaut
 96512 | Zig:23   | Killed a juggernaut
 96512 | Zig:23   | Reached skill level 15 in Ice Magic
 96512 | Zig:23   | Noticed a juggernaut
 96516 | Zig:23   | Killed a juggernaut
 96881 | Zig:23   | Found the +7 sceptre of Torment {pain, torment}
 96886 | Zig:23   | Identified the +3 morningstar "Norphovo" {antimagic, Str+4}
                  | (You found it on level 23 of a ziggurat)
 96937 | Zig:24   | Entered Level 24 of a ziggurat
 97021 | Zig:24   | Found the brooch of Shielding {Spirit SH+8}
 97032 | Zig:24   | Identified the Tome of the Blistering Oath
 97040 | Zig:24   | Got a smoking graven amulet
 97041 | Zig:24   | Identified the amulet "Askiol" {RegenMP *Corrode +Inv MR++
                  | Str+3} (You found it on level 24 of a ziggurat)
 97081 | Zig:24   | Identified the +0 robe the Grand Barnacle {rN+ Int+3 Dex-5}
                  | (You found it on level 24 of a ziggurat)
 97085 | Zig:25   | Entered Level 25 of a ziggurat
 97289 | Zig:25   | Found the +12 glaive of Prune {vorpal}
 97294 | Zig:25   | Got a flickering tin ring
 97295 | Zig:25   | Identified the ring "Meemitao" {Dex+2 Stlth+} (You found it
                  | on level 25 of a ziggurat)
 97326 | Zig:25   | Identified the Guide on Earth and Beguiling
 97354 | Zig:26   | Entered Level 26 of a ziggurat
 97373 | Zig:26   | Noticed a greater mummy
 97374 | Zig:26   | Noticed a greater mummy
 97375 | Zig:26   | Noticed a greater mummy
 97375 | Zig:26   | Noticed a greater mummy
 97381 | Zig:26   | Noticed a greater mummy
 97381 | Zig:26   | Noticed a greater mummy
 97381 | Zig:26   | Noticed a greater mummy
 97381 | Zig:26   | Noticed a greater mummy
 97381 | Zig:26   | Noticed a greater mummy
 97381 | Zig:26   | Noticed a greater mummy
 97381 | Zig:26   | Noticed a greater mummy
 97381 | Zig:26   | Noticed a greater mummy
 97381 | Zig:26   | Noticed a greater mummy
 97382 | Zig:26   | Noticed a greater mummy
 97382 | Zig:26   | Noticed a greater mummy
 97383 | Zig:26   | Noticed a greater mummy
 97384 | Zig:26   | HP: 8/190 [mummy priest/divine providence (10)]
 97384 | Zig:26   | HP: 2/190 [emperor scorpion[a greater mummy] (6)]
 97384 | Zig:26   | Mangled by a jiangshi

Illustrated notes

Levels and vault maps discovered:
D:1:      zaba_arrival_water, layout_basic
D:2:      layout_loops_ring, lemuel_round_altar
D:3:      layout_rooms, gammafunk_ghost_grave
D:4:      layout_cave_pools, zin_academy, serial_undead, serial_undead_b,
          serial_undead_b, serial_undead_c, serial_undead_b,
          cheibriados_altar_1, uniq_sigmund
D:5:      layout_basic, gammafunk_temple_overflow_statue
D:6:      cheibrodos_thug_alley, layout_loops_corners, kennysheep_mini,
          minmay_temple_entry_enclosed_plants, elyvilon_altar_5, uniq_eustachio
D:7:      layout_gridville
D:8:      layout_loops_ring, due_lair_maze_entry_diamond, serial_shops,
          nicolae_shop_temple_entry_statues_fountains, gammafunk_ghost_hive,
          uniq_joseph, uniq_erica
D:9:      layout_loops_ring, grunt_temple_overflow_open, erik_orc_3,
          serial_shops, shop, uniq_pikel, uniq_maurice
D:10:     layout_grid_maze, uniq_urug
D:11:     layout_rooms, serial_shops, nicolae_shop_trees, basic_altar,
          minmay_misc_feat_five
D:12:     regret_index_combs_of_tragedy, layout_irregular_city, serial_rivers,
          chequers_serial_rivers_micro_e, chequers_serial_rivers_micro_e,
          chequers_serial_rivers_micro_b, chequers_serial_rivers_micro_c,
          evilmike_ruin_ashenzari
D:13:     layout_gridville, minmay_mirror_moons_of_madness
D:14:     layout_basic, david_vaults_4, ebering_ghost_inner_flame,
          okawaru_ov_weapons_minmay
D:15:     grunt_enter_depths_magical_seal, layout_layer_cave,
          maelrawn_ghost_gauntlet_escape, nicolae_ru_awakened_eye,
          lemuel_angel_altar
Temple:   eino_narrow_crystal_temple
Lair:1:   layout_regular_city
Lair:2:   mu_elephants_graveyard, layout_long_grid
Lair:3:   layout_cave_shapes, chequers_serial_rivers_micro_e, grunt_megastairs_4
Lair:4:   layout_regular_city, skrybe_swamp_entry_bodies,
          nicolae_spider_entry_tight_spaces, ebering_ghost_inner_flame,
          infiniplex_staircase_pool_2, serial_bayou_shore_b
Lair:5:   layout_regular_city, roderic_carrion_pond, uniq_josephine
Lair:6:   minmay_lair_end_frog_pond, layout_gridlike,
          dpeg_slime_entry_enclosed_altar, chequers_serial_rivers_micro_d,
          nicolae_lair_yak_garden
Swamp:1:  layout_basic_swamp, hangedman_swamp_pad
Swamp:2:  layout_falls_marsh, serial_swamp_ruin, evilmike_swamp_ruin_house_3,
          evilmike_swamp_ruin_rubble_1, hangedman_swamp_ruin_wall,
          infiniplex_staircase_pool
Swamp:3:  layout_basic_swamp, evilmike_swamp_ruin_house_4
Swamp:4:  swamp_fiery, layout_basic_swamp, swamp_pool1
Spider:1: layout_chambers
Spider:2: layout_spider_delve
Spider:3: layout_spider_delve, uniq_roxanne
Spider:4: grunt_spider_rune_circles, drop_trap, uniq_arachne
Orc:1:    layout_diamond_mine, serial_shops, shop, mines2_lemuel, uniq_harold
Orc:2:    st_orc_open, layout_caves, minmay_shop_mass
Elf:1:    minmay_elf_arrival_circle, layout_geoelf_octagon, serial_shops,
          nicolae_shop_waterfront, hangedman_corner_corridor,
          hangedman_elf_power_crystal, uniq_jorgrun
Elf:2:    layout_loops_cross, nicolae_trove_entry_columns
Elf:3:    nooodl_elf_gasket, layout_gridlike, serial_shops, shop
Vaults:1: nicolae_vaults_c_with_doors, nicolae_vaults_triangles,
          v_alt_pattern_6, v_misc_25, v_misc_26, v_misc_10,
          hangedman_vaults_impose, ontoclasm_vaults_chip, hangedman_vaults_maws,
          ontoclasm_vaults_fault, layout_vaults_quadrants, uniq_saint_roka,
          uniq_donald
Vaults:2: grunt_vaults_twisty, minmay_crypt_entry_simple_round, v_misc_24,
          vaults_room_ringed_pool, st_octagons_1, hangedman_vaults_corner,
          v_misc_4, vaults_room_hallway, v_misc_19, grunt_vaults_hallway_long,
          nicolae_vaults_diagonal_hallway_7, v_rooms_4, layout_vaults_maze
Vaults:3: st_spiral_rooms, v_misc_9, vaults_mumra_hex, hangedman_vaults_unwind,
          nicolae_vaults_big_angled_halls, v_misc_10, nicolae_vaults_what_the_h,
          vaults_room_boxed, ontoclasm_vaults_gateway, vaults_mumra_lcd,
          layout_vaults_omnibox, uniq_mennas
Vaults:4: ontoclasm_vaults_tryst, v_misc_33, vaults_mumra_minichess,
          vaults_mumra_chevron_long, nicolae_vaults_little_squares_4,
          hangedman_vaults_capsules, vaults_room_semicircle,
          ontoclasm_vaults_spin, vaults_room_grunt_arrival_ludios,
          vaults_dpeg_doors, ontoclasm_vaults_decontamination,
          layout_vaults_ring, serial_shops, nicolae_shop_stone, uniq_mara,
          uniq_sojobo, uniq_aizul
Vaults:5
Crypt:1:  layout_regular_city, pandoras_box_mu
Crypt:2:  layout_chaotic_city
Crypt:3:  due_elkab, layout_chaotic_city, nicolae_tomb_entry_rubble_hallway,
          nicolae_crypt_ancient_font, minivault_27, hangedman_weighted_door
Depths:1: layout_gridlike, enter_ziggurat_a, pf_hell_entry_tar_river,
          serial_shops, shop_fountains, hangedman_decor_slide_cut,
          kennysheep_opposing_triangles, serial_bayou_shore_a,
          infiniplex_staircase_pool_lava
Depths:2: minmay_four_inscribed_fans, layout_twisted_cross,
          hangedman_geh_valley, minmay_misc_feat_iff, hangedman_devilish_allure,
          infiniplex_staircase_x
Depths:3: minmay_cut_squares, layout_cave_shapes, grunt_hell_horde,
          chequers_serial_rivers_room_a, marbit_kobold_abyss_entry,
          rand_demon_pan_entry_4, serial_shops, shop, serial_sigils,
          serial_sigils_hangedman_quiver, serial_sigils_hangedman_snap,
          serial_sigils_hangedman_quiver, infiniplex_staircase_squiggle
Depths:4: minmay_stepped, layout_cave_shapes, hell_entry, nicolae_sextant,
          abyss_entry, uniq_boris, uniq_jory
Depths:5: grunt_x_marks_the_spot, layout_gridlike, hell_entry
Zig:26:   ziggurat_pillar_centre_dispersal, ziggurat_pillar_centre_dispersal,
          ziggurat_pillar_centre_dispersal, ziggurat_pillar_centre_dispersal

Skill      XL: |  1  2  3  4  5  6  7  8  9 10 11 12 13 14 15 16 17 18 19 20 21 22 23 24 25 26 27 |
---------------+----------------------------------------------------------------------------------+-----
Earth Magic    | 4 5 6 7 8 9 10 11 12 13 14 15 16 17 18 19 22 | 22.0
Conjurations   | 1 2 3 5 6 7 8 9 10 11 12 13 14 15 16 17 24 | 24.3
Spellcasting   | 3 4 5 6 7 8 9 10 11 12 13 14 15 21 | 21.4
Fighting       | 2 4 5 6 8 9 10 11 12 13 14 15 16 17 24 | 24.0
Maces & Flails | 2 3 5 6 7 8 9 10 11 12 13 14 15 16 | 16.0
Armour         | 2 4 5 6 |  6.0
Dodging        | 2 3 4 5 6 7 8 9 10 11 12 13 14 15 | 15.0
Evocations     | 1 3 4 6 7 8 9 10 | 10.0
Fire Magic     | 3 6 8 10 11 14 16 17 18 19 20 21 22 | 22.0
Ice Magic      | 17 | 17.6
Stealth        | |  2.1
Transmutations | |  0.7

Action                   |  1- 3 |  4- 6 |  7- 9 | 10-12 | 13-15 | 16-18 | 19-21 | 22-24 | 25-27 || total
-------------------------+-------+-------+-------+-------+-------+-------+-------+-------+-------++-------
Melee: Unarmed           |     7 |       |       |       |       |       |       |       |       ||     7
       Club              |    34 |       |       |       |       |       |       |       |       ||    34
       Mace              |   112 |   163 |   176 |       |       |       |       |       |       ||   451
       Headbutt          |       |    11 |    33 |    57 |   103 |       |       |       |       ||   204
       Dagger            |       |       |    62 |    47 |       |       |       |       |       ||   109
       Trident           |       |       |       |   536 |   761 |   319 |       |       |       ||  1616
       Eveningstar       |       |       |       |       |       |   472 |   309 |   331 |   962 ||  2074
       Morningstar       |       |       |       |       |       |       |       |   486 |       ||   486
Throw: Throwing net      |       |       |       |       |       |       |       |     1 |       ||     1
 Cast: Sandblast         |    14 |    53 |    49 |    17 |     7 |    11 |     2 |       |       ||   153
       Lee's Rapid Decon |       |     1 |     3 |    39 |    70 |   108 |    46 |    18 |    31 ||   316
       Stone Arrow       |       |     3 |    20 |   103 |    74 |    14 |       |       |     1 ||   215
       Bolt of Magma     |       |       |       |       |   151 |    18 |       |     3 |       ||   172
       Fireball          |       |       |       |       |    19 |    52 |    16 |     6 |     2 ||    95
       Iron Shot         |       |       |       |       |       |   244 |   148 |    92 |   295 ||   779
       Starburst         |       |       |       |       |       |    45 |       |       |       ||    45
       Ignition          |       |       |       |       |       |       |    78 |    75 |    81 ||   234
       Shatter           |       |       |       |       |       |       |       |     9 |   185 ||   194
       Fire Storm        |       |       |       |       |       |       |       |     9 |    81 ||    90
 Abil: Fly               |       |       |       |       |     1 |       |       |       |       ||     1
       Evoke Invisibilit |       |       |       |       |       |       |       |       |     1 ||     1
Evoke: Wand              |       |       |       |     1 |     2 |    11 |     3 |       |     2 ||    19
       Condenser vane    |       |       |       |       |       |     2 |     1 |     1 |     2 ||     6
       Box of beasts     |       |       |       |       |       |       |     1 |       |       ||     1
       Tin of tremorston |       |       |       |       |       |       |       |       |     4 ||     4
  Use: Potion            |       |     5 |       |     9 |     6 |     4 |     7 |       |    30 ||    61
       Scroll            |       |     9 |    11 |    10 |    22 |    13 |     7 |    11 |    64 ||   147
 Stab: Sleeping          |     7 |     1 |     1 |     6 |     3 |     1 |       |     2 |     4 ||    25
       Distracted        |       |       |       |     3 |       |     2 |     1 |       |     4 ||    10
       Confused          |       |       |       |       |       |     1 |       |       |       ||     1
Armor: Robe              |    74 |    46 |   125 |   328 |   521 |   868 |   179 |   497 |   589 ||  3227
Dodge: Dodged            |   153 |   130 |   152 |   441 |   809 |  1259 |   227 |   633 |   955 ||  4759
Block: Other             |     2 |    58 |    58 |   158 |    31 |       |       |       |       ||   307
       Reflection        |       |     1 |     1 |     2 |     3 |       |       |       |       ||     7

Table legend: (Time is in decaauts)
 A = Elapsed time spent in this place.
 B = Non-inter-level travel time spent in this place.
 C = Inter-level travel time spent in this place.
 D = Time resting spent in this place.
 E = Time spent auto-exploring this place.
 F = Levels seen in this place.
 G = Mean time per level.
                   A        B        C        D        E       F      G
               +--------+--------+--------+--------+--------+-----+--------+
         Total |  97681 |  93129 |   4552 |  32448 |  42562 |  85 | 1149.2 |
       Dungeon |  24529 |  23308 |   1221 |   6475 |  12176 |  15 | 1635.3 |
        Temple |    191 |    178 |     13 |      0 |    178 |   1 |  191.0 |
          Lair |  11951 |  11290 |    661 |   4123 |   5381 |   6 | 1991.8 |
         Swamp |   6371 |   6193 |    178 |   1960 |   3230 |   4 | 1592.8 |
   Spider Nest |   7543 |   7004 |    539 |   3336 |   2652 |   4 | 1885.8 |
  Orcish Mines |   2667 |   2395 |    272 |    701 |   1120 |   2 | 1333.5 |
   Elven Halls |   4771 |   4436 |    335 |   1262 |   2195 |   3 | 1590.3 |
        Vaults |  14279 |  13510 |    769 |   4883 |   6628 |   5 | 2855.8 |
         Crypt |   6096 |   5934 |    162 |   1423 |   3499 |   3 | 2032.0 |
        Depths |  10080 |   9681 |    399 |   3902 |   4384 |   5 | 2016.0 |
         Abyss |   4951 |   4951 |      0 |   1815 |   1098 |  11 |  450.1 |
      Ziggurat |   4248 |   4248 |      0 |   2564 |     19 |  26 |  163.4 |
               +--------+--------+--------+--------+--------+-----+--------+

Top non-repeatable levels by time:
    D:12: 3959 daAuts
Vaults:4: 3940 daAuts
Spider:1: 3501 daAuts
Vaults:1: 3231 daAuts
Vaults:2: 3036 daAuts
Depths:2: 2995 daAuts
  Lair:6: 2912 daAuts
  Lair:4: 2861 daAuts
 Crypt:3: 2662 daAuts
Depths:4: 2476 daAuts
    D:14: 2439 daAuts
Vaults:3: 2381 daAuts
 Abyss:1: 2305 daAuts
 Swamp:3: 2069 daAuts
Depths:5: 2000 daAuts
